General information
- name: BNet
- type: Ladder team game (AT/RT)
- host: Battle.net
- saver: Pappington
map: LastManStanding
- players: 8
- length: 102:39
- speed: Fast
- version: 1.26 W3XP
- replay type: Public
» download(443 KB)
Players
team 1 (winner)

»
KRaikkonen (
red | 109 APM | 6629 actions | 61:03)
7 Death Knight
3 Death Coil
3 Unholy Aura
1 Animate Dead
7 Dreadlord
2 Vampiric Aura
3 Carrion Swarm
1 Inferno
1 Sleep
7 Lich
3 Frost Nova
3 Frost Armor
1 Death and Decay
» actions
| Assign group hotkey | 74 | |
| Basic commands | 62 | |
| Build / train | 174 | |
| ESC pressed | 62 | |
| Enter build submenu | 25 | |
| Enter hero's abilities submenu | 23 | |
| Give item / drop item | 5 | |
| Right click | 2751 | |
| Select / deselect | 1166 | |
| Select group hotkey | 2022 | |
| Use ability | 265 | |
6629 total
» units
| Acolyte | 10 | |
| Ghoul | 10 | |
| Gargoyle | 22 | |
| Goblin Zeppelin | 6 | |
| Necromancer | 4 | |
| Bronze Dragon | 9 | |
| Bronze Drake | 2 | |
| Bronze Dragon Whelp | 1 | |
| Obsidian Statue | 5 | |
| Chimaera | 6 | |
| Hippogryph | 3 | |
| Troll Batrider | 3 | |
81 total
» upgrades
| Unholy Strength | 3 | |
| Creature Attack | 3 | |
| Creature Carapace | 3 | |
| Ghoul Frenzy | 2 | |
| Stone Form | 1 | |
| Necromancer Training | 2 | |
| Skeletal Longevity | 1 | |
| Skeletal Mastery | 1 | |
| Unholy Armor | 2 | |
| Destroyer Form | 1 | |
| Ranged Weapons | 1 | |
| Burrow | 1 | |
| Web | 1 | |
22 total
» buildings
| Crypt | 3 | |
| Ziggurat | 9 | |
| Altar of Darkness | 1 | |
| Tomb of Relics | 2 | |
| Graveyard | 1 | |
| Necropolis | 1 | |
| Halls of the Dead | 2 | |
| Black Citadel | 1 | |
| Spirit Tower | 13 | |
| Sacrificial Pit | 1 | |
| Temple of the Damned | 2 | |
| Nerubian Tower | 1 | |
| Slaughterhouse | 2 | |
39 total
» build order
00:27 Crypt
00:30 Ziggurat
00:42 Altar of Darkness
01:26 Tomb of Relics
01:49 Graveyard
02:22 Ziggurat
03:04 Ziggurat
03:46 Necropolis
05:26 Halls of the Dead
05:47 Tomb of Relics
06:07 Crypt
06:10 Ziggurat
07:15 Crypt
07:57 Ziggurat
08:47 Ziggurat
09:22 Black Citadel
10:00 Ziggurat
10:24 Ziggurat
10:30 Spirit Tower
10:30 Spirit Tower
10:35 Spirit Tower
10:35 Spirit Tower
10:35 Spirit Tower
12:43 Sacrificial Pit
13:46 Temple of the Damned
13:47 Temple of the Damned
17:05 Spirit Tower
17:06 Spirit Tower
17:09 Halls of the Dead
17:48 Ziggurat
18:28 Nerubian Tower
18:31 Spirit Tower
18:32 Spirit Tower
18:32 Spirit Tower
22:01 Slaughterhouse
22:02 Slaughterhouse
» items
| Rod of Necromancy | 1 | |
| Orb of Corruption | 2 | |
| Scroll of Town Portal | 6 | |
9 total

»
inch_pnis (
teal | 140 APM | 3056 actions | 21:48)
3 Dark Ranger
2 Black Arrow
1 Silence
2 Naga Sea Witch
1 Frost Arrows
1 Forked Lightning
2 Priestess of the Moon
1 Searing Arrows
1 Scout
» actions
| Assign group hotkey | 35 | |
| Basic commands | 1 | |
| Build / train | 67 | |
| Enter build submenu | 18 | |
| Enter hero's abilities submenu | 7 | |
| Remove unit from queue | 6 | |
| Right click | 1415 | |
| Select / deselect | 334 | |
| Select group hotkey | 1149 | |
| Use ability | 24 | |
3056 total
» units
| Wisp | 20 | |
| Archer | 7 | |
| Druid of the Talon | 5 | |
| Chimaera | 5 | |
37 total
» upgrades
| Improved Bows | 1 | |
| Strength of the Wild | 3 | |
| Reinforced Hides | 3 | |
| Druid of the Talon Training | 2 | |
| Corrosive Breath | 1 | |
| Well Spring | 1 | |
| Ultravision | 1 | |
12 total
» buildings
| Altar of Elders | 1 | |
| Moon Well | 8 | |
| Ancient of War | 1 | |
| Ancient of Wonders | 2 | |
| Tree of Ages | 1 | |
| Hunter's Hall | 1 | |
| Tree of Eternity | 1 | |
| Ancient of Wind | 2 | |
| Chimaera Roost | 2 | |
| Tree of Life | 1 | |
20 total
» build order
00:19 Altar of Elders
00:33 Moon Well
00:48 Ancient of War
01:53 Moon Well
02:04 Ancient of Wonders
03:14 Tree of Ages
03:34 Hunter's Hall
03:59 Moon Well
06:14 Tree of Eternity
06:25 Ancient of Wind
06:59 Ancient of Wind
09:07 Chimaera Roost
09:10 Chimaera Roost
10:13 Tree of Life
12:35 Moon Well
13:54 Moon Well
13:58 Moon Well
15:26 Ancient of Wonders
16:48 Moon Well
20:02 Moon Well
Pappington (
green | 53 APM | 5490 actions | 102:39)
5 Archmage
3 Blizzard
2 Brilliance Aura
5 Blood Mage
3 Flame Strike
2 Siphon Mana
1 Death Knight
1 Death Pact
» actions
| Assign group hotkey | 20 | |
| Basic commands | 347 | |
| Build / train | 185 | |
| ESC pressed | 15 | |
| Enter build submenu | 71 | |
| Enter hero's abilities submenu | 11 | |
| Give item / drop item | 3 | |
| Remove unit from queue | 3 | |
| Right click | 2207 | |
| Select / deselect | 782 | |
| Select group hotkey | 1448 | |
| Use ability | 398 | |
5490 total
» units
| Peasant | 14 | |
| Sorceress | 1 | |
| Priest | 1 | |
| Goblin Shredder | 1 | |
| Dragonhawk Rider | 21 | |
| Hippogryph | 35 | |
| Troll Batrider | 5 | |
| Chimaera | 5 | |
83 total
» upgrades
| Masonry | 3 | |
| Sorceress Training | 1 | |
| Magic Sentry | 1 | |
| Lumber Harvesting | 0 | |
| Cloud | 1 | |
| Burning Oil | 1 | |
7 total
» buildings
| Altar of Kings | 1 | |
| Farm | 8 | |
| Arcane Vault | 2 | |
| Scout Tower | 219 | |
| Lumber Mill | 1 | |
| Arcane Tower | 1 | |
| Keep | 1 | |
| Guard Tower | 74 | |
| Arcane Sanctum | 1 | |
| Town Hall | 2 | |
| Gryphon Aviary | 1 | |
| Castle | 1 | |
312 total
» build order
00:09 Altar of Kings
00:20 Farm
00:21 Farm
01:01 Arcane Vault
01:12 Scout Tower
01:46 Lumber Mill
01:59 Arcane Tower
02:48 Keep
03:21 Farm
04:11 Scout Tower
04:13 Scout Tower
04:14 Scout Tower
04:39 Guard Tower
06:00 Arcane Sanctum
06:05 Scout Tower
06:06 Scout Tower
06:39 Guard Tower
07:07 Guard Tower
07:09 Scout Tower
07:36 Town Hall
07:48 Town Hall
07:58 Guard Tower
09:14 Farm
09:17 Gryphon Aviary
09:57 Scout Tower
09:58 Scout Tower
09:59 Scout Tower
10:00 Scout Tower
10:01 Scout Tower
10:02 Scout Tower
10:03 Scout Tower
10:04 Scout Tower
10:08 Scout Tower
11:50 Guard Tower
12:06 Scout Tower
12:07 Scout Tower
12:15 Scout Tower
12:15 Scout Tower
12:16 Scout Tower
12:22 Guard Tower
12:31 Farm
12:35 Castle
12:46 Guard Tower
12:47 Guard Tower
12:53 Scout Tower
12:54 Scout Tower
13:01 Guard Tower
13:12 Guard Tower
13:35 Guard Tower
13:43 Scout Tower
13:44 Scout Tower
13:45 Scout Tower
13:47 Scout Tower
13:48 Scout Tower
13:49 Scout Tower
13:50 Scout Tower
13:50 Scout Tower
13:51 Scout Tower
13:51 Scout Tower
13:52 Scout Tower
13:53 Scout Tower
13:54 Scout Tower
13:55 Scout Tower
13:56 Scout Tower
14:00 Guard Tower
14:02 Scout Tower
14:03 Scout Tower
14:04 Scout Tower
14:04 Scout Tower
14:05 Scout Tower
14:05 Scout Tower
14:18 Scout Tower
14:19 Scout Tower
14:20 Scout Tower
14:21 Scout Tower
14:22 Scout Tower
14:25 Scout Tower
14:36 Guard Tower
15:01 Guard Tower
15:07 Guard Tower
15:12 Scout Tower
15:13 Scout Tower
15:14 Scout Tower
15:15 Scout Tower
15:16 Scout Tower
15:16 Scout Tower
15:22 Guard Tower
15:32 Guard Tower
16:01 Guard Tower
17:34 Guard Tower
17:38 Scout Tower
17:39 Scout Tower
17:40 Scout Tower
17:41 Scout Tower
17:42 Scout Tower
17:43 Scout Tower
18:17 Guard Tower
18:22 Guard Tower
18:52 Scout Tower
18:52 Scout Tower
18:53 Scout Tower
18:55 Scout Tower
18:56 Scout Tower
18:58 Scout Tower
18:58 Scout Tower
19:02 Guard Tower
19:23 Guard Tower
19:25 Scout Tower
19:26 Scout Tower
19:27 Scout Tower
19:27 Scout Tower
19:28 Scout Tower
19:29 Scout Tower
20:03 Guard Tower
20:37 Guard Tower
22:00 Guard Tower
23:10 Scout Tower
23:12 Scout Tower
23:12 Scout Tower
23:13 Scout Tower
23:14 Scout Tower
23:16 Scout Tower
23:18 Scout Tower
23:19 Scout Tower
23:20 Scout Tower
23:20 Scout Tower
23:21 Scout Tower
23:22 Scout Tower
25:23 Guard Tower
25:34 Guard Tower
25:59 Guard Tower
27:48 Guard Tower
27:53 Scout Tower
27:54 Scout Tower
27:55 Scout Tower
27:55 Scout Tower
27:56 Scout Tower
27:57 Scout Tower
28:00 Scout Tower
28:03 Scout Tower
28:55 Guard Tower
28:58 Scout Tower
28:59 Scout Tower
28:59 Scout Tower
29:17 Scout Tower
29:17 Scout Tower
29:18 Scout Tower
29:18 Scout Tower
29:28 Guard Tower
29:35 Scout Tower
29:36 Farm
29:37 Farm
29:38 Farm
29:49 Guard Tower
30:17 Guard Tower
30:19 Guard Tower
30:22 Scout Tower
30:23 Scout Tower
31:09 Guard Tower
31:51 Guard Tower
32:15 Guard Tower
32:35 Scout Tower
32:36 Scout Tower
32:37 Scout Tower
32:39 Scout Tower
32:42 Scout Tower
32:43 Scout Tower
33:22 Guard Tower
33:25 Scout Tower
33:26 Scout Tower
33:27 Scout Tower
33:27 Scout Tower
33:54 Guard Tower
33:56 Guard Tower
33:59 Scout Tower
33:59 Scout Tower
34:02 Scout Tower
34:03 Scout Tower
34:27 Guard Tower
34:58 Guard Tower
35:05 Scout Tower
35:08 Scout Tower
35:09 Scout Tower
35:10 Scout Tower
35:11 Scout Tower
35:13 Guard Tower
36:30 Guard Tower
36:41 Guard Tower
36:52 Scout Tower
36:53 Scout Tower
36:54 Scout Tower
36:58 Scout Tower
36:59 Scout Tower
36:59 Scout Tower
37:01 Scout Tower
37:02 Scout Tower
37:03 Scout Tower
37:04 Guard Tower
37:16 Guard Tower
37:43 Guard Tower
38:07 Scout Tower
38:35 Guard Tower
38:39 Scout Tower
38:40 Scout Tower
38:40 Scout Tower
38:41 Scout Tower
38:46 Scout Tower
38:46 Scout Tower
38:47 Scout Tower
38:48 Scout Tower
38:49 Scout Tower
38:50 Scout Tower
38:50 Scout Tower
38:56 Guard Tower
39:01 Scout Tower
39:01 Scout Tower
39:02 Scout Tower
39:03 Scout Tower
39:04 Scout Tower
39:05 Scout Tower
39:06 Scout Tower
39:07 Scout Tower
39:09 Scout Tower
39:10 Scout Tower
39:12 Guard Tower
40:29 Guard Tower
40:38 Arcane Vault
41:05 Guard Tower
41:22 Guard Tower
41:57 Scout Tower
41:58 Scout Tower
41:59 Scout Tower
42:00 Scout Tower
42:01 Scout Tower
42:06 Scout Tower
42:06 Scout Tower
42:08 Scout Tower
42:09 Scout Tower
42:10 Scout Tower
42:10 Scout Tower
42:58 Guard Tower
44:55 Guard Tower
45:45 Guard Tower
45:52 Scout Tower
45:53 Scout Tower
45:57 Scout Tower
45:58 Scout Tower
45:59 Scout Tower
46:00 Scout Tower
46:01 Scout Tower
46:02 Scout Tower
48:27 Guard Tower
48:32 Scout Tower
48:33 Scout Tower
48:35 Scout Tower
48:36 Scout Tower
48:37 Scout Tower
48:38 Scout Tower
48:39 Scout Tower
48:39 Scout Tower
48:41 Scout Tower
48:41 Scout Tower
48:57 Scout Tower
48:58 Scout Tower
49:00 Scout Tower
49:02 Scout Tower
49:03 Scout Tower
49:04 Scout Tower
49:05 Scout Tower
49:06 Scout Tower
49:12 Guard Tower
49:50 Guard Tower
49:56 Guard Tower
50:49 Guard Tower
51:32 Guard Tower
51:57 Guard Tower
52:00 Scout Tower
52:00 Scout Tower
58:05 Guard Tower
58:07 Guard Tower
58:11 Scout Tower
58:12 Scout Tower
58:12 Scout Tower
58:13 Scout Tower
59:53 Guard Tower
66:09 Guard Tower
66:13 Scout Tower
66:14 Scout Tower
66:15 Scout Tower
66:15 Scout Tower
66:16 Scout Tower
66:17 Scout Tower
66:20 Scout Tower
66:23 Scout Tower
66:24 Scout Tower
66:26 Scout Tower
66:26 Scout Tower
66:27 Scout Tower
66:32 Scout Tower
66:32 Scout Tower
66:34 Scout Tower
66:35 Scout Tower
66:36 Scout Tower
66:38 Scout Tower
66:39 Scout Tower
66:40 Scout Tower
67:03 Guard Tower
68:04 Guard Tower
70:32 Guard Tower
70:35 Guard Tower
72:44 Guard Tower
» items
| Scroll of Regeneration | 1 | |
| Lesser Clarity Potion | 1 | |
| Mechanical Critter | 1 | |
3 total
yhtun (
orange | 28 APM | 637 actions | 22:52)
3 Blademaster
1 Mirror Image
1 Wind Walk
1 Critical Strike
» actions
| Build / train | 66 | |
| Enter build submenu | 21 | |
| Enter hero's abilities submenu | 3 | |
| Give item / drop item | 4 | |
| Right click | 297 | |
| Select / deselect | 211 | |
| Use ability | 35 | |
637 total
» units
| Peon | 13 | |
| Grunt | 1 | |
| Troll Headhunter/Berserker | 8 | |
| Troll Witch Doctor | 3 | |
| Wind Rider | 10 | |
| Shaman | 2 | |
| Troll Batrider | 3 | |
40 total
» upgrades
| Armor | 3 | |
| Ranged Weapons | 1 | |
| Spiked Barricades | 1 | |
| Shaman Training | 2 | |
| Witch Doctor Training | 2 | |
| Berserker Upgrade | 1 | |
| Reinforced Defenses | 1 | |
| Envenomed Spears | 1 | |
| Liquid Fire | 1 | |
13 total
» buildings
| Altar of Storms | 1 | |
| Orc Burrow | 10 | |
| Voodoo Lounge | 1 | |
| War Mill | 1 | |
| Barracks | 1 | |
| Stronghold | 1 | |
| Fortress | 2 | |
| Spirit Lodge | 1 | |
| Beastiary | 4 | |
22 total
» build order
00:46 Altar of Storms
01:00 Orc Burrow
02:04 Voodoo Lounge
02:07 Orc Burrow
02:28 War Mill
02:47 Barracks
05:01 Stronghold
05:14 Orc Burrow
07:02 Orc Burrow
09:12 Fortress
09:17 Orc Burrow
11:38 Fortress
11:43 Spirit Lodge
11:49 Orc Burrow
13:47 Beastiary
13:52 Beastiary
14:07 Beastiary
15:16 Beastiary
18:23 Orc Burrow
19:24 Orc Burrow
20:16 Orc Burrow
20:26 Orc Burrow
» items
| Healing Salve | 2 | |
| Scroll of Speed | 1 | |
| Orb of Lightning | 1 | |
| Potion of Healing | 1 | |
| Scroll of Town Portal | 1 | |
6 total
team 2 (loser)
hellfireX (
blue | 42 APM | 4293 actions | 102:31)
7 Far Seer
3 Chain Lighting
3 Far Sight
1 Earth Quake
1 Death Knight
1 Death Coil
» actions
| Assign group hotkey | 54 | |
| Basic commands | 9 | |
| Build / train | 130 | |
| Enter build submenu | 77 | |
| Enter hero's abilities submenu | 9 | |
| Give item / drop item | 7 | |
| Remove unit from queue | 8 | |
| Right click | 1550 | |
| Select / deselect | 673 | |
| Select group hotkey | 1453 | |
| Use ability | 323 | |
4293 total
» units
| Peon | 21 | |
| Grunt | 3 | |
| Troll Batrider | 21 | |
| Gargoyle | 2 | |
| Shaman | 3 | |
| Troll Witch Doctor | 4 | |
| Acolyte | 9 | |
| Goblin Zeppelin | 1 | |
| Bronze Dragon | 1 | |
| Frost Wyrm | 10 | |
| Siege Engine | 3 | |
| Peasant | 1 | |
79 total
» upgrades
| Shaman Training | 2 | |
| Witch Doctor Training | 2 | |
| Reinforced Defenses | 1 | |
| Liquid Fire | 1 | |
| Ranged Weapons | 2 | |
| Creature Attack | 1 | |
| Creature Carapace | 1 | |
| Spiked Barricades | 1 | |
| Barrage | 1 | |
| Gunpowder | 1 | |
13 total
» buildings
| Altar of Storms | 1 | |
| Orc Burrow | 7 | |
| Barracks | 1 | |
| War Mill | 1 | |
| Stronghold | 3 | |
| Watch Tower | 16 | |
| Voodoo Lounge | 1 | |
| Beastiary | 3 | |
| Spirit Lodge | 2 | |
| Great Hall | 2 | |
| Fortress | 1 | |
| Sacrificial Pit | 1 | |
| Boneyard | 4 | |
| Ziggurat | 17 | |
| Spirit Tower | 7 | |
| Necropolis | 2 | |
| Graveyard | 1 | |
| Farm | 4 | |
| Keep | 1 | |
| Altar of Darkness | 1 | |
76 total
» build order
00:24 Altar of Storms
00:37 Orc Burrow
01:08 Barracks
01:42 Orc Burrow
02:40 War Mill
03:28 Stronghold
03:29 Stronghold
03:35 Orc Burrow
04:01 Watch Tower
04:23 Orc Burrow
05:08 Voodoo Lounge
05:55 Beastiary
05:59 Beastiary
06:03 Spirit Lodge
06:07 Spirit Lodge
07:28 Great Hall
07:53 Fortress
10:06 Watch Tower
11:27 Watch Tower
12:26 Sacrificial Pit
13:40 Watch Tower
13:49 Watch Tower
14:48 Orc Burrow
15:13 Boneyard
15:19 Boneyard
15:24 Boneyard
15:43 Watch Tower
16:19 Watch Tower
16:22 Watch Tower
16:42 Orc Burrow
17:52 Watch Tower
18:19 Orc Burrow
19:05 Watch Tower
19:42 Beastiary
19:52 Watch Tower
19:54 Watch Tower
19:57 Watch Tower
28:23 Watch Tower
28:25 Watch Tower
28:28 Watch Tower
31:13 Great Hall
43:00 Boneyard
44:23 Ziggurat
44:29 Ziggurat
44:31 Ziggurat
44:39 Ziggurat
45:30 Spirit Tower
45:30 Spirit Tower
45:33 Spirit Tower
48:53 Necropolis
50:50 Ziggurat
50:55 Ziggurat
51:00 Ziggurat
51:56 Ziggurat
51:58 Ziggurat
52:01 Ziggurat
52:05 Ziggurat
52:08 Ziggurat
53:46 Graveyard
55:05 Ziggurat
55:07 Ziggurat
55:10 Spirit Tower
55:25 Necropolis
56:25 Spirit Tower
56:42 Spirit Tower
56:58 Ziggurat
57:04 Ziggurat
57:15 Ziggurat
58:38 Spirit Tower
63:17 Farm
63:25 Farm
75:44 Keep
77:14 Altar of Darkness
89:54 Farm
91:40 Farm
» items
| Healing Salve | 2 | |
| Lesser Clarity Potion | 2 | |
| Orb of Lightning | 1 | |
| Potion of Mana | 1 | |
| Potion of Healing | 1 | |
| Scroll of Town Portal | 2 | |
9 total

»
NOOB_ME_HARD (
yellow | 29 APM | 2933 actions | 100:30)
5 Keeper of the Grove
3 Entangling Roots
2 Force of Nature
1 Lich
1 Frost Armor
1 Death Knight
1 Death Coil
1 Paladin
1 Holy Light
1 Mountain King
1 Storm Bolt
» actions
| Basic commands | 2 | |
| Build / train | 114 | |
| Enter build submenu | 47 | |
| Enter hero's abilities submenu | 10 | |
| Give item / drop item | 2 | |
| Remove unit from queue | 7 | |
| Right click | 1563 | |
| Select / deselect | 1067 | |
| Use ability | 120 | |
2933 total
» units
| Wisp | 21 | |
| Archer | 1 | |
| Huntress | 6 | |
| Centaur Outrunner | 2 | |
| Dryad | 9 | |
| Druid of the Claw | 2 | |
| Frost Wyrm | 7 | |
| Obsidian Statue | 1 | |
| Goblin Zeppelin | 1 | |
| Ghoul | 1 | |
| Meatwagon | 7 | |
| Siege Engine | 2 | |
| Flying Machine | 8 | |
68 total
» upgrades
| Strength of the Wild | 3 | |
| Abolish Magic | 1 | |
| Druid of the Claw Training | 2 | |
| Reinforced Hides | 3 | |
| Creature Attack | 2 | |
| Creature Carapace | 2 | |
| Mark of the Claw | 1 | |
| Ultravision | 1 | |
| Well Spring | 1 | |
| Freezing Breath | 1 | |
| Plating | 1 | |
| Flying Machine Bombs | 1 | |
| Flak Cannons | 1 | |
| Gunpowder | 1 | |
21 total
» buildings
| Moon Well | 8 | |
| Altar of Elders | 1 | |
| Ancient of War | 1 | |
| Hunter's Hall | 1 | |
| Tree of Ages | 1 | |
| Tree of Eternity | 1 | |
| Ancient of Lore | 4 | |
| Tree of Life | 1 | |
| Boneyard | 3 | |
| Ziggurat | 5 | |
| Ancient of Wonders | 2 | |
| Nerubian Tower | 1 | |
| Crypt | 1 | |
| Graveyard | 1 | |
| Halls of the Dead | 1 | |
| Slaughterhouse | 2 | |
| Farm | 5 | |
| Town Hall | 1 | |
| Altar of Kings | 1 | |
| Blacksmith | 1 | |
| Castle | 1 | |
| Workshop | 2 | |
45 total
» build order
00:22 Moon Well
00:40 Altar of Elders
00:55 Ancient of War
02:03 Hunter's Hall
02:22 Moon Well
03:21 Moon Well
03:45 Tree of Ages
05:19 Moon Well
06:09 Tree of Eternity
06:12 Ancient of Lore
07:50 Tree of Life
08:04 Ancient of Lore
10:16 Ancient of Lore
10:23 Moon Well
15:11 Boneyard
15:12 Boneyard
15:19 Boneyard
15:40 Moon Well
16:19 Ancient of Lore
16:26 Moon Well
16:43 Moon Well
16:52 Ziggurat
16:53 Ziggurat
16:54 Ziggurat
17:47 Ancient of Wonders
18:25 Ziggurat
19:49 Ziggurat
42:18 Nerubian Tower
54:53 Ancient of Wonders
57:36 Crypt
57:43 Graveyard
60:14 Halls of the Dead
62:42 Slaughterhouse
65:10 Slaughterhouse
66:27 Farm
66:30 Farm
71:20 Town Hall
77:40 Altar of Kings
79:29 Blacksmith
79:55 Castle
82:24 Workshop
89:54 Workshop
90:53 Farm
93:15 Farm
93:18 Farm
» items
Boddem (
pink | 27 APM | 1682 actions | 62:52)
5 Archmage
3 Blizzard
2 Brilliance Aura
1 Death Knight
1 Unholy Aura
» actions
| Assign group hotkey | 6 | |
| Basic commands | 18 | |
| Build / train | 110 | |
| ESC pressed | 4 | |
| Enter build submenu | 113 | |
| Enter hero's abilities submenu | 6 | |
| Right click | 649 | |
| Select / deselect | 462 | |
| Select group hotkey | 72 | |
| Use ability | 241 | |
1682 total
» units
» upgrades
| Masonry | 3 | |
| Lumber Harvesting | 2 | |
| Magic Sentry | 1 | |
6 total
» buildings
| Altar of Kings | 1 | |
| Farm | 6 | |
| Lumber Mill | 5 | |
| Scout Tower | 186 | |
| Keep | 1 | |
| Guard Tower | 73 | |
| Castle | 1 | |
| Town Hall | 2 | |
| Arcane Sanctum | 1 | |
| Arcane Tower | 1 | |
277 total
» build order
00:07 Altar of Kings
00:09 Farm
00:33 Farm
01:16 Farm
01:51 Lumber Mill
03:11 Farm
04:58 Scout Tower
05:00 Scout Tower
05:14 Farm
05:26 Keep
05:29 Guard Tower
05:31 Scout Tower
05:33 Scout Tower
06:09 Scout Tower
06:36 Guard Tower
06:37 Scout Tower
07:06 Guard Tower
07:38 Scout Tower
07:46 Scout Tower
09:18 Scout Tower
09:38 Scout Tower
09:45 Guard Tower
09:51 Guard Tower
09:54 Scout Tower
10:03 Scout Tower
10:06 Guard Tower
10:47 Guard Tower
10:47 Guard Tower
11:19 Scout Tower
12:13 Scout Tower
12:15 Scout Tower
12:22 Castle
12:54 Guard Tower
13:19 Guard Tower
13:24 Scout Tower
13:26 Scout Tower
13:28 Scout Tower
13:29 Scout Tower
13:30 Scout Tower
13:31 Scout Tower
13:32 Scout Tower
13:33 Scout Tower
13:40 Scout Tower
13:42 Scout Tower
14:07 Scout Tower
14:26 Scout Tower
14:29 Scout Tower
14:30 Scout Tower
14:32 Scout Tower
14:33 Guard Tower
14:35 Guard Tower
14:36 Guard Tower
14:54 Guard Tower
15:08 Guard Tower
15:14 Scout Tower
15:15 Scout Tower
15:16 Scout Tower
15:20 Scout Tower
15:25 Guard Tower
15:50 Scout Tower
15:51 Scout Tower
15:53 Scout Tower
15:54 Scout Tower
16:03 Scout Tower
16:05 Scout Tower
16:06 Scout Tower
16:11 Guard Tower
16:13 Guard Tower
16:15 Scout Tower
16:16 Scout Tower
16:18 Scout Tower
16:35 Guard Tower
16:35 Guard Tower
16:44 Guard Tower
16:48 Guard Tower
16:55 Guard Tower
17:07 Guard Tower
17:12 Lumber Mill
17:25 Guard Tower
17:36 Scout Tower
17:38 Scout Tower
17:40 Guard Tower
17:41 Guard Tower
17:42 Guard Tower
17:50 Scout Tower
18:02 Farm
18:08 Scout Tower
18:11 Guard Tower
18:12 Guard Tower
18:16 Scout Tower
18:19 Scout Tower
18:36 Guard Tower
18:48 Guard Tower
18:50 Scout Tower
18:52 Scout Tower
18:59 Scout Tower
19:02 Scout Tower
19:06 Scout Tower
19:20 Guard Tower
19:32 Guard Tower
19:35 Guard Tower
19:42 Guard Tower
19:44 Scout Tower
19:49 Scout Tower
19:55 Scout Tower
20:00 Scout Tower
20:10 Guard Tower
20:16 Scout Tower
20:19 Scout Tower
20:23 Scout Tower
20:24 Scout Tower
20:26 Scout Tower
20:27 Scout Tower
20:31 Scout Tower
22:01 Guard Tower
22:06 Scout Tower
22:07 Scout Tower
22:08 Scout Tower
22:09 Scout Tower
22:10 Scout Tower
22:52 Guard Tower
23:11 Guard Tower
23:14 Scout Tower
23:17 Scout Tower
24:56 Town Hall
25:00 Town Hall
27:19 Guard Tower
27:46 Guard Tower
28:01 Arcane Sanctum
28:54 Scout Tower
28:59 Scout Tower
29:01 Scout Tower
29:10 Scout Tower
29:39 Scout Tower
29:40 Scout Tower
29:43 Scout Tower
29:47 Scout Tower
29:48 Scout Tower
29:52 Guard Tower
30:17 Guard Tower
30:22 Scout Tower
30:24 Scout Tower
30:26 Scout Tower
30:28 Scout Tower
30:30 Scout Tower
30:34 Scout Tower
30:35 Scout Tower
30:36 Scout Tower
30:37 Scout Tower
30:38 Scout Tower
32:30 Guard Tower
32:33 Guard Tower
32:48 Lumber Mill
33:01 Guard Tower
34:06 Guard Tower
34:09 Scout Tower
34:11 Scout Tower
34:14 Scout Tower
34:20 Scout Tower
34:22 Scout Tower
34:24 Scout Tower
34:24 Scout Tower
34:30 Scout Tower
34:31 Scout Tower
34:32 Scout Tower
34:35 Scout Tower
34:36 Scout Tower
34:37 Scout Tower
34:40 Scout Tower
34:42 Scout Tower
34:45 Scout Tower
36:53 Guard Tower
38:08 Guard Tower
38:17 Scout Tower
38:19 Scout Tower
38:20 Scout Tower
38:21 Scout Tower
38:23 Scout Tower
38:24 Scout Tower
38:25 Scout Tower
38:29 Guard Tower
39:23 Scout Tower
39:24 Scout Tower
39:26 Scout Tower
39:28 Scout Tower
39:29 Scout Tower
39:36 Guard Tower
40:16 Guard Tower
40:25 Guard Tower
41:01 Guard Tower
41:21 Guard Tower
41:23 Guard Tower
41:28 Guard Tower
41:35 Scout Tower
41:36 Scout Tower
41:38 Scout Tower
41:40 Scout Tower
41:44 Scout Tower
41:45 Scout Tower
41:46 Scout Tower
41:50 Guard Tower
41:53 Scout Tower
41:54 Scout Tower
41:58 Scout Tower
41:58 Scout Tower
41:59 Scout Tower
42:01 Scout Tower
43:49 Guard Tower
43:52 Guard Tower
45:06 Guard Tower
45:29 Scout Tower
45:30 Scout Tower
45:32 Scout Tower
45:37 Scout Tower
45:40 Scout Tower
45:40 Scout Tower
45:43 Scout Tower
45:44 Scout Tower
45:45 Scout Tower
45:46 Scout Tower
45:47 Scout Tower
45:48 Scout Tower
45:50 Scout Tower
45:52 Scout Tower
45:53 Scout Tower
45:55 Scout Tower
45:58 Scout Tower
46:02 Scout Tower
46:03 Scout Tower
46:04 Scout Tower
46:06 Scout Tower
46:08 Scout Tower
46:09 Scout Tower
46:11 Scout Tower
46:12 Scout Tower
46:13 Scout Tower
46:15 Scout Tower
48:31 Guard Tower
49:12 Guard Tower
50:25 Guard Tower
50:28 Scout Tower
50:29 Scout Tower
50:32 Scout Tower
50:33 Scout Tower
50:35 Scout Tower
50:35 Scout Tower
50:37 Scout Tower
50:40 Scout Tower
50:42 Scout Tower
50:44 Guard Tower
51:18 Guard Tower
51:21 Guard Tower
52:45 Guard Tower
52:50 Scout Tower
52:54 Scout Tower
52:56 Scout Tower
52:58 Scout Tower
53:00 Scout Tower
53:01 Scout Tower
53:04 Scout Tower
53:05 Scout Tower
53:06 Scout Tower
55:26 Guard Tower
55:29 Guard Tower
55:58 Guard Tower
57:37 Lumber Mill
58:05 Lumber Mill
58:14 Arcane Tower
59:13 Scout Tower
59:14 Scout Tower
59:21 Scout Tower
59:23 Scout Tower
59:24 Scout Tower
59:30 Scout Tower
59:34 Scout Tower
59:37 Scout Tower
59:48 Guard Tower

»
Chiller9000 (
purple | 48 APM | 509 actions | 10:35)
3 Death Knight
1 Death Coil
1 Unholy Aura
1 Death Pact
1 Lich
1 Frost Nova
» actions
| Assign group hotkey | 21 | |
| Basic commands | 39 | |
| Build / train | 66 | |
| ESC pressed | 3 | |
| Enter build submenu | 13 | |
| Enter hero's abilities submenu | 4 | |
| Remove unit from queue | 1 | |
| Right click | 87 | |
| Select / deselect | 111 | |
| Select group hotkey | 133 | |
| Use ability | 31 | |
509 total
» units
| Acolyte | 4 | |
| Ghoul | 9 | |
| Crypt Fiend | 1 | |
| Centaur Outrunner | 1 | |
| Abomination | 1 | |
| Necromancer | 2 | |
18 total
» upgrades
| Cannibalize | 1 | |
| Unholy Strength | 2 | |
| Web | 1 | |
| Creature Attack | 1 | |
| Disease Cloud | 1 | |
| Unholy Armor | 3 | |
| Necromancer Training | 1 | |
| Skeletal Mastery | 1 | |
11 total
» buildings
| Crypt | 1 | |
| Ziggurat | 5 | |
| Altar of Darkness | 1 | |
| Halls of the Dead | 1 | |
| Graveyard | 1 | |
| Nerubian Tower | 1 | |
| Tomb of Relics | 1 | |
| Black Citadel | 1 | |
| Slaughterhouse | 1 | |
| Temple of the Damned | 1 | |
| Spirit Tower | 1 | |
15 total
» build order
00:09 Crypt
00:11 Ziggurat
00:15 Ziggurat
01:07 Altar of Darkness
01:21 Ziggurat
02:07 Ziggurat
02:59 Halls of the Dead
03:06 Graveyard
03:39 Nerubian Tower
04:39 Tomb of Relics
05:26 Black Citadel
06:31 Slaughterhouse
06:35 Temple of the Damned
07:09 Spirit Tower
07:13 Ziggurat
Chat log
(00:10 / All) inch_pnis: any tks on ur side?
(00:31 / All) Pappington: any tks will be reported
(00:38 / All) KRaikkonen: to who?
(00:44 / All) Pappington: to whom*
(00:46 / All) Boddem: the authorities
(00:57 / All) inch_pnis: blizz dont give a ish about wc3
(01:09 / All) KRaikkonen: ^
(01:15 / All) Pappington: boddem
(01:20 / All) inch_pnis: its all aobut diablo and wow
(01:32 / All) Pappington: more like bli$$ard
(03:10 / Allies) inch_pnis: come
(03:22 / Allies) inch_pnis: orange
(04:01 / All) Pappington: anyone here like dubstep
(04:22 / All) Pappington: or my little pony
(04:49 / All) Pappington: or twilight
(07:59 / Allies) KRaikkonen: not yet
(08:56 / Allies) KRaikkonen: can i have stone?
(09:07 / All) Pappington: no
(10:35 / All) Boddem: plap
(12:17 / Allies) yhtun: get there
(12:41 / Allies) inch_pnis: gold and lumber plz
(13:20 / Allies) yhtun: red get necrows
(13:50 / Allies) KRaikkonen: k
(14:56 / Allies) inch_pnis: build a shop green
(15:37 / All) Pappington: hambly
(15:43 / Allies) inch_pnis: stop getting d
(15:57 / Allies) inch_pnis: stop noobing plz
(17:03 / Allies) inch_pnis: come guys
(17:05 / Allies) inch_pnis: lets attack
(17:12 / Allies) inch_pnis: ....
(17:26 / Allies) inch_pnis: lets go
(17:40 / Allies) KRaikkonen: wood?
(17:49 / Allies) KRaikkonen: thx
(18:03 / Allies) inch_pnis: lets gooooo
(18:07 / Allies) KRaikkonen: not yet
(19:32 / All) Pappington: do yall want a ham
(19:38 / Allies) Pappington: time to hit
(19:45 / Allies) Pappington: i got cloud
(19:47 / Allies) Pappington: easy peasy
(20:00 / Allies) Pappington: attack towers
(20:20 / Allies) Pappington: r?
(20:24 / Allies) inch_pnis: yes
(20:50 / Allies) Pappington: googogogogo
(21:38 / All) Pappington: wtf
(21:44 / All) Pappington: noob allys
(22:00 / Allies) yhtun: green why no fog?
(22:23 / Allies) KRaikkonen: wood
(22:34 / Allies) KRaikkonen: wood me
(23:00 / All) Pappington: wow
(23:02 / All) Pappington: just wow
(23:10 / Allies) KRaikkonen: green build some shit
(23:12 / Allies) KRaikkonen: haha so much gold
(23:56 / All) Pappington: dinner
(25:23 / Allies) KRaikkonen: wood?
(27:40 / All) Pappington: reported
(29:04 / All) Pappington: why my allys always so bad
(32:47 / All) Pappington: lol purple
(32:53 / All) Pappington: what were you thinking??
(32:59 / All) NOOB_ME_HARD: purple isnt here
(33:01 / All) hellfireX: purps gone
(33:08 / All) NOOB_ME_HARD: so it was pink
(33:16 / All) Pappington: prolly blue
(33:17 / All) Boddem: nice try
(34:17 / Allies) Pappington: share chim control
(34:31 / Allies) KRaikkonen: he's teal
(34:43 / Allies) KRaikkonen: you can contrl
(34:44 / Allies) KRaikkonen: go heal em
(35:38 / Allies) Pappington: r?
(35:46 / Allies) KRaikkonen: chim to pink base
(35:49 / Allies) Pappington: no
(35:53 / Allies) KRaikkonen: yes...
(36:15 / Allies) KRaikkonen: WTF???
(36:16 / Allies) KRaikkonen: dude
(36:21 / Allies) KRaikkonen: fucking moron
(36:26 / All) Pappington: noob allys
(36:31 / Allies) KRaikkonen: what's your deal?
(36:39 / All) KRaikkonen: green is trolling hard
(37:07 / Allies) Pappington: reported
(37:17 / Allies) KRaikkonen: eat shit and die
(37:21 / Allies) Pappington: reported
(38:23 / All) Pappington: there can be only one boddem
(41:15 / All) Pappington: wow
(41:18 / All) Pappington: purple you are bad
(41:34 / All) NOOB_ME_HARD: hes a big noob, its pink
(41:42 / All) Pappington: blamer
(44:34 / Allies) KRaikkonen: zzz
(44:44 / Allies) KRaikkonen: douche bag
(45:25 / All) Pappington: set sail for bad allys
(53:47 / All) Boddem: shoulda had em brnzed
(54:01 / All) NOOB_ME_HARD: make sence
(54:02 / All) Pappington: de-brnzed
(54:10 / All) KRaikkonen: hahaha
(54:12 / All) KRaikkonen: nice one green
(58:46 / All) NOOB_ME_HARD: this will never end
(58:55 / All) KRaikkonen: we have these two doucebags
(58:59 / All) KRaikkonen: pink and green
(59:00 / All) KRaikkonen: -_-
(59:01 / All) Pappington: reported
(59:15 / All) Pappington: for foul language
(59:23 / All) NOOB_ME_HARD: does green have 7k?
(59:26 / All) KRaikkonen: don't feed the tolls
(59:31 / All) KRaikkonen: he's out
(59:37 / All) NOOB_ME_HARD: lol pink has 7k
(59:43 / All) NOOB_ME_HARD: still making towers
(59:53 / All) NOOB_ME_HARD: ptobably like 200
(59:57 / All) NOOB_ME_HARD: at least
(60:27 / All) Pappington: deeeee colores
(61:01 / All) KRaikkonen: i'm out
(61:02 / All) KRaikkonen: later guys
(61:53 / All) NOOB_ME_HARD: no life
(61:57 / All) Pappington: reported
(62:05 / All) NOOB_ME_HARD: LOL GOOD ONE
(62:09 / All) NOOB_ME_HARD: LOL
(66:00 / All) Pappington: that was my flan
(66:42 / All) Pappington: mah boi
(66:50 / All) Pappington: mah boi
(67:22 / All) Pappington: this peace is what all true warriors strive for
(69:16 / All) Pappington: mah boi
(70:24 / All) Pappington: mah boi
(72:48 / All) Pappington: mah boi
(74:57 / All) Pappington: mah boi
(75:28 / All) NOOB_ME_HARD: is it really fun for u?
(75:41 / All) Pappington: mah boi
(75:56 / All) NOOB_ME_HARD: you must been metally retarded
(76:19 / All) Pappington: reported
(76:50 / All) Pappington: sweet teeps
(79:31 / All) Pappington: mah boi
(82:58 / All) NOOB_ME_HARD: lawl
(84:06 / All) Pappington: mah boi
(85:30 / All) Pappington: mah boi
(86:48 / All) Pappington: mah boi
(88:26 / All) Pappington: mah boi
(91:02 / All) Pappington: mah boi
(91:34 / All) Pappington: mah boi
(92:35 / All) Pappington: this peace is what all true warriors strive for
(93:01 / All) hellfireX: if you trully strive for peace you would leave
(93:20 / All) Pappington: do yall want a ham
(93:30 / All) NOOB_ME_HARD: yes
(94:46 / All) Pappington: mah boi
(96:05 / All) Pappington: mah boi
(97:57 / All) Pappington: mah boi
(99:07 / All) hellfireX: im leaving
(99:34 / All) Pappington: mah boi
(99:35 / All) hellfireX: gg
(99:43 / All) hellfireX: got lucky red left his dragons
(100:04 / All) NOOB_ME_HARD: got lucky red left his everything
(100:05 / All) Pappington: got lucky such noobs
(101:24 / All) Pappington: more like smellfirex
(101:45 / All) hellfireX: lol you complete noob with no life
(101:52 / All) hellfireX: you only won cause red moron
(102:16 / All) Pappington: smells like blamer
(102:19 / All) hellfireX: enjoy your one win
(102:27 / All) hellfireX: ive got over 200